Griffins vs Blackdemons (R1)

Created - June 4, 2019 at 19:02

Goals
1 2 3 T
Griffins 2 0 1 3
Blackdemons 1 3 1 5
Shots
1 2 3 T
Griffins 13 12 17 42
Blackdemons 13 7 7 27

1st period

1. Griffins , Petr Pohl 11 (Tye McGinn 16, Jamie Arniel 25) at 0:50 (PP)
2. Griffins , J.T. Brown 6 (Tye McGinn 17) at 2:21 (SH)
3. Blackdemons , Yannick Weber 4 (Sean Monahan 6) at 16:14 (PP)

Penalties :
Patrice Cormier (MJM) for Hooking (Minor) at 0:33, Ty Wishart (Cap) for Holding (Minor) at 1:13, Nathan Gerbe (Cap) for Hooking (Minor) at 5:52, J.T. Brown (Cap) for Interference (Minor) at 12:25, Quinton Howden (Cap) for High sticking (Minor) at 15:40, Ty Wishart (Cap) for Hooking (Minor) at 17:49, Petter Granberg (Cap) for Interference (Minor) at 18:54

2nd period

4. Blackdemons , Zachary Sanford 5 (Alexei Morozov 9, Patrice Cormier 6) at 3:15
5. Blackdemons , Sean Monahan 4 (Alexei Morozov 10) at 15:58 (PP)
6. Blackdemons , Patrice Cormier 8 (Alexei Morozov 11, Jeffrey Foss 6) at 17:17

Penalties :
Tye McGinn (Cap) for Holding (Minor) at 3:25, Robbie Russo (MJM) for Interference (Minor) at 9:24, Tye McGinn (Cap) for Interference (Minor) at 15:00

3rd period

7. Griffins , Brendan Woods 4 (Nicholas Baptiste 1, Petter Granberg 10) at 5:20
8. Blackdemons , Alexei Morozov 13 (Sean Monahan 7) at 9:01 (PP)

Penalties :
Bryan Young (Cap) for Hooking (Minor) at 0:33, Ty Wishart (Cap) for Slashing (Minor) at 8:29

Goalie Stats

Olivier Roy (Cap), 22 saves from 27 shots - (0.815), L, 6-5-0, 60:00 minutes
Matt Hackett (MJM), 39 saves from 42 shots - (0.929), W, 12-2-1, 60:00 minutes

Players Stats for Griffins

Player Name              G  A  P  +/- PIM S  H  SB GA TA FO     MP     PP MP  PK MP  
------------------------------------------------------------------------------------
Ben Hanowski             0  0  0   0  0   0  2  1  4  0  0/1    21:38   0:52   8:31 
Brendan Woods            1  0  1   0  0   3  0  0  0  0  0/0     7:04   0:00   0:00 
Bryan Young              0  0  0   0  2   0  1  2  0  2  0/0    25:08   0:00   9:05 
Connor Brown             0  0  0  -1  0   2  2  0  0  0  1/1    10:07   0:10   0:00 
J.T. Brown               1  0  1   0  2   5  2  0  0  0  2/2    15:11   0:07   4:21 
Jamie Arniel             0  1  1   0  0   5  0  0  0  0  17/32  23:09   1:17   8:58 
Keith Seabrook           0  0  0  -1  0   0  0  2  0  1  0/0    15:07   0:54   0:00 
Mark Jankowski           0  0  0   0  0   0  0  0  0  0  3/7     7:32   0:00   0:28 
Mirco Mueller            0  0  0   0  0   0  0  0  0  0  0/0     5:06   0:00   0:00 
Nathan Gerbe             0  0  0   0  2   5  2  0  0  1  0/0    13:46   0:52   0:32 
Nathan Oystrick          0  0  0   0  0   2  0  0  1  0  0/0    13:39   0:00   4:33 
Nicholas Baptiste        0  1  1   0  0   2  4  0  0  0  0/0     7:04   0:00   0:00 
Petr Pohl                1  0  1   0  0   7  3  0  0  0  0/0    16:55   1:17   2:22 
Petter Granberg          0  1  1   0  2   1  2  0  0  0  0/0    17:54   1:22   2:57 
Quinton Howden           0  0  0  -1  2   3  1  0  0  0  2/5     9:37   0:00   0:00 
Robert Dome              0  0  0   0  0   0  1  0  0  0  6/14   12:49   0:52   0:00 
Simon Despres            0  0  0   1  0   0  0  0  0  0  0/0    21:26   1:22   5:51 
Ty Wishart               0  0  0   0  6   3  0  4  0  1  0/0    22:00   0:54   7:41 
Tye McGinn               0  2  2   1  4   4  0  0  0  0  1/2    18:41   1:21   3:58 

Players Stats for Blackdemons

Player Name              G  A  P  +/- PIM S  H  SB GA TA FO     MP     PP MP  PK MP  
------------------------------------------------------------------------------------
Alexandre Grenier        0  0  0  -1  0   4  2  0  1  0  0/2    21:27   7:52   0:00 
Alexei Morozov           1  3  4   2  0   3  1  1  0  0  0/0    19:50   7:11   0:00 
Blake Pietila            0  0  0   0  0   2  1  0  0  0  1/1    20:38   7:11   0:12 
Charles-Olivier Roussel  0  0  0  -1  0   0  0  0  0  0  0/0     8:43   0:00   0:00 
Hudson Fasching          0  0  0   0  0   0  1  1  0  0  0/0     9:16   0:00   0:00 
James Livingstone        0  0  0  -1  0   1  1  0  1  0  0/0     6:35   0:00   0:00 
Jeffrey Foss             0  1  1   1  0   2  3  0  0  0  0/0    22:08   7:41   0:47 
Keaton Ellerby           0  0  0   0  0   3  0  1  0  0  0/0    24:54   7:22   1:29 
Kyle Rau                 0  0  0  -1  0   0  0  1  0  0  2/6     8:24   0:00   1:13 
Ladislav Nagy            0  0  0   0  0   0  2  1  2  0  0/2    10:24   0:00   1:08 
Martin Hanzal            0  0  0  -1  0   1  1  0  0  1  16/29  21:39   7:52   0:12 
Matt Grzelcyk            0  0  0   0  0   0  0  0  0  0  0/0     5:44   0:00   1:29 
Patrice Cormier          1  1  2   2  2   4  1  1  0  1  7/10   13:27   0:00   0:51 
Robbie Russo             0  0  0   1  2   0  1  3  0  0  0/0    12:54   0:00   0:00 
Roman Josi               0  0  0  -2  0   0  1  0  0  0  0/0    16:47   7:22   0:00 
Sean Monahan             1  2  3   0  0   2  0  1  0  1  5/12   16:32   7:11   0:00 
Sergei Plotnikov         0  0  0  -1  0   1  1  0  0  0  0/0     8:07   0:00   0:56 
Tommy Vannelli           0  0  0   0  0   0  0  0  0  0  0/0     4:15   0:00   0:00 
Yannick Weber            1  0  1   1  0   1  0  5  1  2  0/0    25:10   7:41   0:47 
Zachary Sanford          1  0  1   1  0   3  1  0  0  0  1/2    20:48   7:52   0:00 

3 Stars

1 - Alexei Morozov (MJM)
2 - Sean Monahan (MJM)
3 - Patrice Cormier (MJM)

Power Play

Griffins - 1 on 2 Attempt(s) - 50.00%
Blackdemons - 3 on 10 Attempt(s) - 30.00%

Penalty Kill

Griffins - 7 on 10 Attempt(s) - 70.00% - Score 1 goal in Penalty Kill
Blackdemons - 1 on 2 Attempt(s) - 50.00% - Score 0 goal in Penalty Kill

Team Stat

Griffins - Hits : 20 - Faceoff Wins : 32 - Blocked Shots : 9 - Penalty Minutes : 20
Blackdemons - Hits : 17 - Faceoff Wins : 32 - Blocked Shots : 15 - Penalty Minutes : 4

Official

Referees : Unknown
Linesman : Unknown

Game Notes

No Game Note

Finance

Level 1 -- Attendance: 2000 (100.00%) -- Ticket Income $80,000
Level 2 -- Attendance: 1000 (100.00%) -- Ticket Income $20,000
Total Attendance: 3000 (100.00%)
Total Ticket Income: $100,000
Other Income: $5,000
Total Income: $105,000

Griffins

5 vs 5 Forward 
   Center                   Left Wing                Right Wing               Time % Phy DF OF 
 1 Jamie Arniel             Tye McGinn               Petr Pohl                35     0   2  3  
 2 Robert Dome              Nathan Gerbe             Ben Hanowski             35     0   2  3  
 3 Quinton Howden           J.T. Brown               Connor Brown             20     0   2  3  
 4 Mark Jankowski           Brendan Woods            Nicholas Baptiste        10     0   2  3  

5 vs 5 Defense 
   Defense                  Defense                                           Time % Phy DF OF 
 1 Simon Despres            Bryan Young                                       40     0   2  3  
 2 Petter Granberg          Ty Wishart                                        30     0   3  2  
 3 Nathan Oystrick          Keith Seabrook                                    20     0   3  2  
 4 Mirco Mueller            Keith Seabrook                                    10     1   2  2  

PowerPlay Forward 
   Center                   Left Wing                Right Wing               Time % Phy DF OF 
 1 Jamie Arniel             Tye McGinn               Petr Pohl                60     0   1  4  
 2 Robert Dome              Nathan Gerbe             Ben Hanowski             40     0   1  4  

PowerPlay Defense
   Defense                  Defense                                           Time % Phy DF OF 
 1 Petter Granberg          Simon Despres                                     60     0   1  4  
 2 Ty Wishart               Keith Seabrook                                    40     0   1  4  

Penalty Kill 4 Players Forward 
   Center                   Wing                     Time % Phy DF OF 
 1 Jamie Arniel             Ben Hanowski             60     1   2  2  
 2 Tye McGinn               J.T. Brown               40     1   2  2  

Penalty Kill 4 Players Defense
   Defense                  Defense                  Time % Phy DF OF 
 1 Ty Wishart               Bryan Young              60     1   2  2  
 2 Nathan Oystrick          Simon Despres            40     1   2  2  

Penalty Kill - 3 Players Forward 
   Forward                                           Time % Phy DF OF 
 1 J.T. Brown                                        60     1   2  2  
 2 Jamie Arniel                                      40     1   2  2  

Penalty Kill - 3 Players Defense
   Defense                  Defense                  Time % Phy DF OF 
 1 Simon Despres            Bryan Young              60     1   2  2  
 2 Nathan Oystrick          Simon Despres            40     1   2  2  

4 vs 4 Forward 
   Center                   Wing                     Time % Phy DF OF 
 1 Jamie Arniel             Petr Pohl                50     1   2  2  
 2 Nathan Gerbe             Tye McGinn               50     1   2  2  

4 vs 4 Defense
   Defense                  Defense                  Time % Phy DF OF 
 1 Simon Despres            Keith Seabrook           60     1   2  2  
 2 Petter Granberg          Bryan Young              40     1   2  2  

Last Minutes Offensive
   Center                   Left Wing                Right Wing               Defense                  Defense                  
   Jamie Arniel             Nathan Gerbe             Petr Pohl                Petter Granberg          Simon Despres            

Last Minutes Defensive
   Center                   Left Wing                Right Wing               Defense                  Defense                  
   Ben Hanowski             Tye McGinn               J.T. Brown               Bryan Young              Nathan Oystrick          

Goaltenders
Starting : Olivier Roy              
Backup : Jean-Francois Berube     

Extra Forwards
Normal : Petr Pohl, Ben Hanowski, Connor Brown - PP : Connor Brown, Robert Dome - PK : Petr Pohl
Extra Defensemen
Normal : Simon Despres, Petter Granberg, Bryan Young - PP : Bryan Young - PK : Petter Granberg, Ty Wishart
Penalty Shots
Nathan Gerbe, Jamie Arniel, Connor Brown, Robert Dome, Petr Pohl

Scratches
Vladislav Namestnikov (Healthy), Garrett Wilson (Healthy), Tanner Kero (Healthy), Greg McKegg (Healthy), Jerome Gauthier-Leduc (Healthy)
Konrad Abeltshauser (Healthy), Tomas Hyka (Healthy), Brian Hart (Healthy), Anton Slepyshev (Left Forearm Injury), Ian McCoshen (Healthy)
Marko Dano (Healthy), Marcus Hogberg (Healthy), Matt Tomkins (Healthy)

Blackdemons

5 vs 5 Forward 
   Center                   Left Wing                Right Wing               Time % Phy DF OF 
 1 Martin Hanzal            Blake Pietila            Alexandre Grenier        34     0   1  4  
 2 Patrice Cormier          Zachary Sanford          Alexei Morozov           34     0   1  4  
 3 Sean Monahan             Ladislav Nagy            Hudson Fasching          22     0   2  3  
 4 Kyle Rau                 Sergei Plotnikov         James Livingstone        10     0   1  4  

5 vs 5 Defense 
   Defense                  Defense                                           Time % Phy DF OF 
 1 Keaton Ellerby           Yannick Weber                                     40     0   4  1  
 2 Jeffrey Foss             Robbie Russo                                      30     0   4  1  
 3 Charles-Olivier Roussel  Roman Josi                                        20     0   5  0  
 4 Matt Grzelcyk            Tommy Vannelli                                    10     0   5  0  

PowerPlay Forward 
   Center                   Left Wing                Right Wing               Time % Phy DF OF 
 1 Sean Monahan             Blake Pietila            Alexei Morozov           50     0   0  5  
 2 Martin Hanzal            Zachary Sanford          Alexandre Grenier        50     0   0  5  

PowerPlay Defense
   Defense                  Defense                                           Time % Phy DF OF 
 1 Jeffrey Foss             Yannick Weber                                     50     0   1  4  
 2 Keaton Ellerby           Roman Josi                                        50     0   1  4  

Penalty Kill 4 Players Forward 
   Center                   Wing                     Time % Phy DF OF 
 1 Patrice Cormier          Ladislav Nagy            50     0   5  0  
 2 Kyle Rau                 Sergei Plotnikov         50     0   5  0  

Penalty Kill 4 Players Defense
   Defense                  Defense                  Time % Phy DF OF 
 1 Yannick Weber            Jeffrey Foss             50     0   5  0  
 2 Matt Grzelcyk            Keaton Ellerby           50     0   5  0  

Penalty Kill - 3 Players Forward 
   Forward                                           Time % Phy DF OF 
 1 Patrice Cormier                                   60     0   5  0  
 2 Kyle Rau                                          40     0   5  0  

Penalty Kill - 3 Players Defense
   Defense                  Defense                  Time % Phy DF OF 
 1 Yannick Weber            Matt Grzelcyk            60     0   5  0  
 2 Jeffrey Foss             Keaton Ellerby           40     0   5  0  

4 vs 4 Forward 
   Center                   Wing                     Time % Phy DF OF 
 1 Kyle Rau                 Hudson Fasching          50     1   2  2  
 2 Ladislav Nagy            Patrice Cormier          50     1   2  2  

4 vs 4 Defense
   Defense                  Defense                  Time % Phy DF OF 
 1 Keaton Ellerby           Robbie Russo             50     1   2  2  
 2 Yannick Weber            Jeffrey Foss             50     1   2  2  

Last Minutes Offensive
   Center                   Left Wing                Right Wing               Defense                  Defense                  
   Patrice Cormier          Ladislav Nagy            Alexei Morozov           Jeffrey Foss             Keaton Ellerby           

Last Minutes Defensive
   Center                   Left Wing                Right Wing               Defense                  Defense                  
   Patrice Cormier          Ladislav Nagy            Alexei Morozov           Jeffrey Foss             Keaton Ellerby           

Goaltenders
Starting : Matt Hackett             
Backup : Laurent Brossoit         

Extra Forwards
Normal : Patrice Cormier, Sean Monahan, Ladislav Nagy - PP : Martin Hanzal, Sean Monahan - PK : Patrice Cormier
Extra Defensemen
Normal : Yannick Weber, Keaton Ellerby, Jeffrey Foss - PP : Yannick Weber - PK : Keaton Ellerby, Jeffrey Foss
Penalty Shots
Ladislav Nagy, Martin Hanzal, Hudson Fasching, Zachary Sanford, Alexandre Grenier

Scratches
Scott Timmins (Healthy), Max Friberg (Healthy), Christophe Lalancette (Healthy), Klas Dahlbeck (Healthy), Brett Kulak (Healthy)
Remi Elie (Healthy), Jyrki Jokipakka (Healthy), Mackenzie MacEachern (Healthy), Ben Maxwell (Healthy), Nicolas Deschamps (Healthy)
Angelo Esposito (Healthy), Jacob Lagacé (Healthy), Ebbe Siönäs (Healthy), Sami Aittokallio (Healthy), Jeremy Smith (Healthy)

% Time on Ice - Griffins

Lines # - Real PCT - Wanted PCT - Time Play
Normal Forward
1 - 32% - 35% - 13:36
2 - 29% - 35% - 12:23
3 - 23% - 20% - 9:38
4 - 17% - 10% - 7:04
Normal Defense
1 - 38% - 40% - 16:04
2 - 29% - 30% - 12:26
3 - 21% - 20% - 9:05
4 - 12% - 10% - 5:06
PP Forward
1 - 62% - 60% - 1:24
2 - 38% - 40% - 0:52
PP Defense
1 - 60% - 60% - 1:22
2 - 40% - 40% - 0:54
PK Forward
1 - 65% - 60% - 9:12
2 - 35% - 40% - 4:57
PK Defense
1 - 69% - 60% - 9:45
2 - 31% - 40% - 4:24
PK3 Forward
1 - 61% - 60% - 0:33
2 - 39% - 40% - 0:21
PK3 Defense
1 - 100% - 60% - 0:54
2 - 0% - 40% - 0:00
44 Forward
1 - 0% - 50%
2 - 0% - 50%
44 Defense
1 - 0% - 60%
2 - 0% - 40%
Last Minute Offensive  - 0:00
Last Minute Defensive  - 0:00
Total
Forward - 60:00
Defense - 60:00

% Time on Ice - Blackdemons

Lines # - Real PCT - Wanted PCT - Time Play
Normal Forward
1 - 31% - 34% - 13:18
2 - 32% - 34% - 13:32
3 - 22% - 22% - 9:16
4 - 15% - 10% - 6:35
Normal Defense
1 - 39% - 40% - 16:42
2 - 30% - 30% - 13:01
3 - 20% - 20% - 8:43
4 - 10% - 10% - 4:15
PP Forward
1 - 48% - 50% - 7:11
2 - 52% - 50% - 7:52
PP Defense
1 - 51% - 50% - 7:41
2 - 49% - 50% - 7:22
PK Forward
1 - 50% - 50% - 1:08
2 - 50% - 50% - 1:08
PK Defense
1 - 35% - 50% - 0:47
2 - 65% - 50% - 1:29
PK3 Forward
1 - 0% - 60%
2 - 0% - 40%
PK3 Defense
1 - 0% - 60%
2 - 0% - 40%
44 Forward
1 - 0% - 50%
2 - 0% - 50%
44 Defense
1 - 0% - 50%
2 - 0% - 50%
Last Minute Offensive  - 0:00
Last Minute Defensive  - 0:00
Total
Forward - 60:00
Defense - 60:00

Play-by-Play

1st period


0:01 of 1st period - Jamie Arniel wins face-off versus Martin Hanzal in neutral zone.
0:08 of 1st period - Snap shot by Tye McGinn.
0:08 of 1st period - Stopped by Matt Hackett with a rebound.
0:33 of 1st period - Minor Penalty to Patrice Cormier for Hooking.
0:34 of 1st period - Jamie Arniel wins face-off versus Ladislav Nagy in Blackdemons zone.
0:34 of 1st period - Wrist shot by Petr Pohl.
0:34 of 1st period - Shot Misses the Net.
0:36 of 1st period - Slapshot by Petter Granberg.
0:36 of 1st period - Deflect By Tye McGinn.
0:36 of 1st period - Shot Misses the Net.
0:36 of 1st period - Puck is out of play.
0:37 of 1st period - Jamie Arniel wins face-off versus Kyle Rau in Blackdemons zone.
0:50 of 1st period - Wrist shot by Petr Pohl.
0:50 of 1st period - Goal by Petr Pohl - Griffins : 1 - Blackdemons : 0.
0:51 of 1st period - Connor Brown wins face-off versus Ladislav Nagy in neutral zone.
0:58 of 1st period - Petter Granberg is hit by Jeffrey Foss and loses puck.
1:13 of 1st period - Minor Penalty to Ty Wishart for Holding.
1:14 of 1st period - Jamie Arniel wins face-off versus Sean Monahan in Griffins zone.
1:49 of 1st period - Wrist shot by Alexei Morozov.
1:49 of 1st period - Stopped by Olivier Roy with a rebound.
1:51 of 1st period - Slapshot by Jeffrey Foss.
1:51 of 1st period - Stopped by Olivier Roy without a rebound.
1:52 of 1st period - Martin Hanzal wins face-off versus Jamie Arniel in Griffins zone.
2:03 of 1st period - Snap shot by Ben Hanowski.
2:03 of 1st period - Shot Misses the Net.
2:05 of 1st period - Wrist shot by Jamie Arniel.
2:05 of 1st period - Shot Misses the Net.
2:07 of 1st period - Slapshot by Nathan Oystrick.
2:07 of 1st period - Stopped by Matt Hackett without a rebound.
2:08 of 1st period - Jamie Arniel wins face-off versus Martin Hanzal in Blackdemons zone.
2:19 of 1st period - Wrist shot by Jamie Arniel.
2:19 of 1st period - Stopped by Matt Hackett without a rebound.
2:20 of 1st period - Tye McGinn wins face-off versus Alexandre Grenier in Blackdemons zone.
2:21 of 1st period - Snap shot by J.T. Brown.
2:21 of 1st period - Goal by J.T. Brown - Griffins : 2 - Blackdemons : 0.
2:22 of 1st period - Martin Hanzal wins face-off versus Jamie Arniel in neutral zone.
2:25 of 1st period - Slapshot by Keaton Ellerby.
2:25 of 1st period - Stopped by Olivier Roy without a rebound.
2:26 of 1st period - Martin Hanzal wins face-off versus Jamie Arniel in Griffins zone.
3:13 of 1st period - Penalty to Ty Wishart is over, Ty Wishart is back on ice.
4:21 of 1st period - Wrist shot by J.T. Brown.
4:21 of 1st period - Shot Misses the Net.
4:23 of 1st period - Slapshot by Keith Seabrook.
4:23 of 1st period - Shot Misses the Net.
4:36 of 1st period - Sergei Plotnikov is hit by Nathan Gerbe and loses puck.
4:46 of 1st period - Icing by Kyle Rau.
4:47 of 1st period - Sean Monahan wins face-off versus Mark Jankowski in Blackdemons zone.
5:36 of 1st period - Slapshot by Alexei Morozov.
5:36 of 1st period - Deflect By Patrice Cormier.
5:36 of 1st period - Stopped by Olivier Roy with a rebound.
5:38 of 1st period - Slapshot by Keaton Ellerby.
5:38 of 1st period - Stopped by Olivier Roy with a rebound.
5:40 of 1st period - Snap shot by Patrice Cormier.
5:40 of 1st period - Stopped by Olivier Roy with a rebound.
5:42 of 1st period - Backhand shot by Keaton Ellerby.
5:42 of 1st period - Stopped by Olivier Roy with a rebound.
5:44 of 1st period - Slapshot by Yannick Weber.
5:44 of 1st period - Shot Misses the Net.
5:52 of 1st period - Minor Penalty to Nathan Gerbe for Hooking.
5:53 of 1st period - Zachary Sanford wins face-off versus Jamie Arniel in Griffins zone.
6:08 of 1st period - Wrist shot by Alexandre Grenier.
6:08 of 1st period - Stopped by Olivier Roy without a rebound.
6:09 of 1st period - Blake Pietila wins face-off versus Jamie Arniel in Griffins zone.
6:18 of 1st period - Wrist shot by Sean Monahan.
6:18 of 1st period - Shot Misses the Net.
6:50 of 1st period - Ben Hanowski is hit by Alexandre Grenier and loses puck.
7:52 of 1st period - Penalty to Nathan Gerbe is over, Nathan Gerbe is back on ice.
8:10 of 1st period - Snap shot by Nicholas Baptiste.
8:10 of 1st period - Stopped by Matt Hackett without a rebound.
8:11 of 1st period - Robert Dome wins face-off versus Kyle Rau in Blackdemons zone.
8:12 of 1st period - Slapshot by Ben Hanowski.
8:12 of 1st period - Shot Blocked by Kyle Rau.
9:16 of 1st period - Petter Granberg is hit by Ladislav Nagy and loses puck.
10:14 of 1st period - Snap shot by Martin Hanzal.
10:14 of 1st period - Shot Blocked by Keith Seabrook.
10:34 of 1st period - Wrist shot by Jamie Arniel.
10:34 of 1st period - Stopped by Matt Hackett with a rebound.
10:36 of 1st period - Snap shot by Jamie Arniel.
10:36 of 1st period - Deflect By Tye McGinn.
10:36 of 1st period - Stopped by Matt Hackett with a rebound.
10:38 of 1st period - Snap shot by Petr Pohl.
10:38 of 1st period - Stopped by Matt Hackett with a rebound.
11:08 of 1st period - Jamie Arniel is hit by Ladislav Nagy.
11:30 of 1st period - Snap shot by Jamie Arniel.
11:30 of 1st period - Stopped by Matt Hackett with a rebound.
11:32 of 1st period - Snap shot by Tye McGinn.
11:32 of 1st period - Shot Blocked by Sean Monahan.
11:34 of 1st period - Slapshot by Keith Seabrook.
11:34 of 1st period - Deflect By Jamie Arniel.
11:34 of 1st period - Shot Misses the Net.
11:34 of 1st period - Puck is out of play.
11:35 of 1st period - Martin Hanzal wins face-off versus Robert Dome in Blackdemons zone.
11:35 of 1st period - Martin Hanzal is hit by Ben Hanowski.
12:01 of 1st period - Bryan Young is hit by Alexei Morozov and loses puck.
12:20 of 1st period - Snap shot by Sergei Plotnikov.
12:20 of 1st period - Stopped by Olivier Roy without a rebound.
12:21 of 1st period - Martin Hanzal wins face-off versus Quinton Howden in Griffins zone.
12:25 of 1st period - Minor Penalty to J.T. Brown for Interference.
12:26 of 1st period - Martin Hanzal wins face-off versus Jamie Arniel in Griffins zone.
12:36 of 1st period - Snap shot by Alexandre Grenier.
12:36 of 1st period - Shot Blocked by Ty Wishart.
12:38 of 1st period - Slapshot by Zachary Sanford.
12:38 of 1st period - Shot Misses the Net.
12:40 of 1st period - Wrist shot by Alexandre Grenier.
12:40 of 1st period - Stopped by Olivier Roy without a rebound.
12:41 of 1st period - Jamie Arniel wins face-off versus Sean Monahan in Griffins zone.
13:48 of 1st period - Ben Hanowski is hit by Jeffrey Foss and loses puck.
14:25 of 1st period - Penalty to J.T. Brown is over, J.T. Brown is back on ice.
14:45 of 1st period - Slapshot by James Livingstone.
14:45 of 1st period - Deflect By Sergei Plotnikov.
14:45 of 1st period - Shot Blocked by Ty Wishart.
14:45 of 1st period - Puck is out of play.
14:46 of 1st period - Mark Jankowski wins face-off versus Kyle Rau in Griffins zone.
14:58 of 1st period - Slapshot by Sergei Plotnikov.
14:58 of 1st period - Deflect By James Livingstone.
14:58 of 1st period - Shot Blocked by Keith Seabrook.
14:58 of 1st period - Puck is out of play.
14:59 of 1st period - Robert Dome wins face-off versus Martin Hanzal in Griffins zone.
15:24 of 1st period - Nathan Oystrick is hit by Zachary Sanford and loses puck.
15:40 of 1st period - Minor Penalty to Quinton Howden for High sticking.
15:41 of 1st period - Martin Hanzal wins face-off versus Jamie Arniel in Griffins zone.
16:07 of 1st period - Sean Monahan is hit by J.T. Brown and loses puck.
16:14 of 1st period - Slapshot by Yannick Weber.
16:14 of 1st period - Goal by Yannick Weber - Griffins : 2 - Blackdemons : 1.
16:15 of 1st period - Martin Hanzal wins face-off versus Robert Dome in neutral zone.
16:20 of 1st period - Wrist shot by Alexandre Grenier.
16:20 of 1st period - Stopped by Olivier Roy with a rebound.
16:22 of 1st period - Wrist shot by Keaton Ellerby.
16:22 of 1st period - Shot Misses the Net.
16:47 of 1st period - Wrist shot by Alexei Morozov.
16:47 of 1st period - Stopped by Olivier Roy without a rebound.
16:48 of 1st period - Quinton Howden wins face-off versus Patrice Cormier in Griffins zone.
16:55 of 1st period - Wrist shot by J.T. Brown.
16:55 of 1st period - Stopped by Matt Hackett with a rebound.
16:57 of 1st period - Slapshot by Ty Wishart.
16:57 of 1st period - Stopped by Matt Hackett with a rebound.
16:59 of 1st period - Slapshot by Ty Wishart.
16:59 of 1st period - Shot Misses the Net.
17:01 of 1st period - Snap shot by J.T. Brown.
17:01 of 1st period - Shot Blocked by Alexei Morozov.
17:03 of 1st period - Snap shot by Ty Wishart.
17:03 of 1st period - Stopped by Matt Hackett without a rebound.
17:04 of 1st period - Martin Hanzal wins face-off versus Robert Dome in Blackdemons zone.
17:04 of 1st period - Martin Hanzal is hit by Petter Granberg.
17:43 of 1st period - Snap shot by Alexei Morozov.
17:43 of 1st period - Shot Blocked by Ty Wishart.
17:49 of 1st period - Minor Penalty to Ty Wishart for Hooking.
17:50 of 1st period - Sean Monahan wins face-off versus Jamie Arniel in Griffins zone.
18:24 of 1st period - Nathan Oystrick is hit by Roman Josi and loses puck.
18:54 of 1st period - Minor Penalty to Petter Granberg for Interference.
18:55 of 1st period - J.T. Brown wins face-off versus Martin Hanzal in Griffins zone.
19:49 of 1st period - Penalty to Ty Wishart is over, Ty Wishart is back on ice.
Goals for this period are 2 for Griffins vs 1 for Blackdemons.
Shots for this period are 13 for Griffins vs 13 for Blackdemons.

2nd period


0:01 of 2nd period - Jamie Arniel wins face-off versus Sean Monahan in neutral zone.
0:10 of 2nd period - Snap shot by Jamie Arniel.
0:10 of 2nd period - Shot Misses the Net.
0:26 of 2nd period - Jamie Arniel is hit by Martin Hanzal and loses puck.
0:54 of 2nd period - Penalty to Petter Granberg is over, Petter Granberg is back on ice.
1:09 of 2nd period - Snap shot by J.T. Brown.
1:09 of 2nd period - Stopped by Matt Hackett without a rebound.
1:10 of 2nd period - Patrice Cormier wins face-off versus Mark Jankowski in Blackdemons zone.
1:10 of 2nd period - Patrice Cormier is hit by Nicholas Baptiste.
1:16 of 2nd period - Snap shot by Patrice Cormier.
1:16 of 2nd period - Stopped by Olivier Roy without a rebound.
1:17 of 2nd period - Mark Jankowski wins face-off versus Patrice Cormier in Griffins zone.
2:51 of 2nd period - Snap shot by Nathan Gerbe.
2:51 of 2nd period - Stopped by Matt Hackett with a rebound.
3:15 of 2nd period - Snap shot by Zachary Sanford.
3:15 of 2nd period - Goal by Zachary Sanford - Griffins : 2 - Blackdemons : 2.
3:16 of 2nd period - Martin Hanzal wins face-off versus Jamie Arniel in neutral zone.
3:23 of 2nd period - Backhand shot by Blake Pietila.
3:23 of 2nd period - Stopped by Olivier Roy with a rebound.
3:25 of 2nd period - Minor Penalty to Tye McGinn for Holding.
3:26 of 2nd period - Jamie Arniel wins face-off versus Sean Monahan in Griffins zone.
3:37 of 2nd period - Snap shot by Jamie Arniel.
3:37 of 2nd period - Shot Misses the Net.
4:00 of 2nd period - Snap shot by Alexandre Grenier.
4:00 of 2nd period - Shot Blocked by Ty Wishart.
4:02 of 2nd period - Slapshot by Roman Josi.
4:02 of 2nd period - Shot Blocked by Bryan Young.
4:04 of 2nd period - Slapshot by Zachary Sanford.
4:04 of 2nd period - Shot Misses the Net.
4:06 of 2nd period - Snap shot by Zachary Sanford.
4:06 of 2nd period - Shot Misses the Net.
4:08 of 2nd period - Wrist shot by Keaton Ellerby.
4:08 of 2nd period - Shot Blocked by Bryan Young.
5:25 of 2nd period - Penalty to Tye McGinn is over, Tye McGinn is back on ice.
5:44 of 2nd period - Wrist shot by James Livingstone.
5:44 of 2nd period - Stopped by Olivier Roy without a rebound.
5:45 of 2nd period - Kyle Rau wins face-off versus Mark Jankowski in Griffins zone.
6:31 of 2nd period - Ty Wishart is hit by Jeffrey Foss and loses puck.
6:50 of 2nd period - Snap shot by Blake Pietila.
6:50 of 2nd period - Shot Misses the Net.
6:52 of 2nd period - Slapshot by Jeffrey Foss.
6:52 of 2nd period - Stopped by Olivier Roy with a rebound.
7:02 of 2nd period - Keaton Ellerby is hit by Petr Pohl and loses puck.
7:27 of 2nd period - Slapshot by Simon Despres.
7:27 of 2nd period - Shot Blocked by Yannick Weber.
7:29 of 2nd period - Backhand shot by Brendan Woods.
7:29 of 2nd period - Stopped by Matt Hackett with a rebound.
7:31 of 2nd period - Slapshot by Bryan Young.
7:31 of 2nd period - Shot Blocked by Keaton Ellerby.
7:33 of 2nd period - Wrist shot by Brendan Woods.
7:33 of 2nd period - Stopped by Matt Hackett with a rebound.
8:43 of 2nd period - Snap shot by Nathan Gerbe.
8:43 of 2nd period - Stopped by Matt Hackett without a rebound.
8:44 of 2nd period - Jamie Arniel wins face-off versus Alexandre Grenier in Blackdemons zone.
9:09 of 2nd period - Ben Hanowski is hit by Patrice Cormier and loses puck.
9:24 of 2nd period - Minor Penalty to Robbie Russo for Interference.
9:25 of 2nd period - Jamie Arniel wins face-off versus Kyle Rau in Blackdemons zone.
11:24 of 2nd period - Penalty to Robbie Russo is over, Robbie Russo is back on ice.
11:31 of 2nd period - Jeffrey Foss is hit by Nicholas Baptiste and loses puck.
11:37 of 2nd period - Icing by Sergei Plotnikov.
11:38 of 2nd period - Kyle Rau wins face-off versus Quinton Howden in Blackdemons zone.
11:43 of 2nd period - Quinton Howden is hit by Sergei Plotnikov and loses puck.
11:50 of 2nd period - Sergei Plotnikov is hit by Connor Brown and loses puck.
12:15 of 2nd period - Slapshot by Martin Hanzal.
12:15 of 2nd period - Shot Misses the Net.
13:03 of 2nd period - Roman Josi is hit by Quinton Howden and loses puck.
13:12 of 2nd period - Wrist shot by Connor Brown.
13:12 of 2nd period - Shot Misses the Net.
13:23 of 2nd period - Icing by Roman Josi.
13:24 of 2nd period - Patrice Cormier wins face-off versus Mark Jankowski in Blackdemons zone.
13:24 of 2nd period - Patrice Cormier is hit by Nicholas Baptiste.
13:56 of 2nd period - Wrist shot by Jamie Arniel.
13:56 of 2nd period - Shot Blocked by Yannick Weber.
14:08 of 2nd period - Nathan Gerbe is hit by Hudson Fasching and loses puck.
14:40 of 2nd period - Off-side.
14:41 of 2nd period - Mark Jankowski wins face-off versus Martin Hanzal in neutral zone.
14:44 of 2nd period - Blake Pietila is hit by Nicholas Baptiste and loses puck.
14:51 of 2nd period - Wrist shot by Nicholas Baptiste.
14:51 of 2nd period - Stopped by Matt Hackett without a rebound.
14:52 of 2nd period - Martin Hanzal wins face-off versus Jamie Arniel in Blackdemons zone.
15:00 of 2nd period - Minor Penalty to Tye McGinn for Interference.
15:01 of 2nd period - Martin Hanzal wins face-off versus Jamie Arniel in Griffins zone.
15:02 of 2nd period - Snap shot by Zachary Sanford.
15:02 of 2nd period - Shot Misses the Net.
15:50 of 2nd period - Wrist shot by J.T. Brown.
15:50 of 2nd period - Stopped by Matt Hackett with a rebound.
15:52 of 2nd period - Slapshot by Nathan Oystrick.
15:52 of 2nd period - Stopped by Matt Hackett without a rebound.
15:53 of 2nd period - Sean Monahan wins face-off versus Jamie Arniel in Blackdemons zone.
15:58 of 2nd period - Wrist shot by Sean Monahan.
15:58 of 2nd period - Goal by Sean Monahan - Griffins : 2 - Blackdemons : 3.
15:59 of 2nd period - Jamie Arniel wins face-off versus Sean Monahan in neutral zone.
16:25 of 2nd period - Simon Despres is hit by Blake Pietila and loses puck.
17:17 of 2nd period - Wrist shot by Patrice Cormier.
17:17 of 2nd period - Goal by Patrice Cormier - Griffins : 2 - Blackdemons : 4.
17:18 of 2nd period - Jamie Arniel wins face-off versus Martin Hanzal in neutral zone.
17:29 of 2nd period - Wrist shot by Jamie Arniel.
17:29 of 2nd period - Stopped by Matt Hackett with a rebound.
17:31 of 2nd period - Snap shot by Jamie Arniel.
17:31 of 2nd period - Shot Misses the Net.
17:33 of 2nd period - Slapshot by Bryan Young.
17:33 of 2nd period - Shot Blocked by Yannick Weber.
18:11 of 2nd period - Slapshot by Petter Granberg.
18:11 of 2nd period - Stopped by Matt Hackett with a rebound.
18:28 of 2nd period - Martin Hanzal is hit by Petter Granberg and loses puck.
18:33 of 2nd period - Snap shot by Petr Pohl.
18:33 of 2nd period - Stopped by Matt Hackett without a rebound.
18:34 of 2nd period - Patrice Cormier wins face-off versus Jamie Arniel in Blackdemons zone.
18:41 of 2nd period - Alexei Morozov is hit by Petr Pohl and loses puck.
18:48 of 2nd period - Snap shot by Petr Pohl.
18:48 of 2nd period - Stopped by Matt Hackett with a rebound.
18:54 of 2nd period - Alexei Morozov is hit by Petr Pohl and loses puck.
19:53 of 2nd period - Snap shot by Patrice Cormier.
19:53 of 2nd period - Shot Misses the Net.
Goals for this period are 0 for Griffins vs 3 for Blackdemons.
Shots for this period are 12 for Griffins vs 7 for Blackdemons.

3rd period


0:01 of 3rd period - Martin Hanzal wins face-off versus Robert Dome in neutral zone.
0:04 of 3rd period - Snap shot by Martin Hanzal.
0:04 of 3rd period - Stopped by Olivier Roy without a rebound.
0:05 of 3rd period - Martin Hanzal wins face-off versus Robert Dome in Griffins zone.
0:06 of 3rd period - Snap shot by Blake Pietila.
0:06 of 3rd period - Stopped by Olivier Roy with a rebound.
0:33 of 3rd period - Minor Penalty to Bryan Young for Hooking.
0:34 of 3rd period - Sean Monahan wins face-off versus Jamie Arniel in Griffins zone.
0:58 of 3rd period - Ben Hanowski is hit by Alexandre Grenier and loses puck.
1:03 of 3rd period - Slapshot by Martin Hanzal.
1:03 of 3rd period - Shot Blocked by Ben Hanowski.
1:05 of 3rd period - Snap shot by Alexandre Grenier.
1:05 of 3rd period - Stopped by Olivier Roy without a rebound.
1:06 of 3rd period - Jamie Arniel wins face-off versus Martin Hanzal in Griffins zone.
2:33 of 3rd period - Penalty to Bryan Young is over, Bryan Young is back on ice.
3:00 of 3rd period - Matt Grzelcyk is hit by Connor Brown and loses puck.
3:09 of 3rd period - Snap shot by Connor Brown.
3:09 of 3rd period - Stopped by Matt Hackett without a rebound.
3:10 of 3rd period - Robert Dome wins face-off versus Patrice Cormier in Blackdemons zone.
3:19 of 3rd period - Wrist shot by Nathan Gerbe.
3:19 of 3rd period - Stopped by Matt Hackett without a rebound.
3:20 of 3rd period - Patrice Cormier wins face-off versus Robert Dome in Blackdemons zone.
3:37 of 3rd period - Wrist shot by Ben Hanowski.
3:37 of 3rd period - Shot Misses the Net.
3:39 of 3rd period - Slapshot by Ty Wishart.
3:39 of 3rd period - Shot Misses the Net.
3:53 of 3rd period - Slapshot by Nathan Gerbe.
3:53 of 3rd period - Stopped by Matt Hackett with a rebound.
3:55 of 3rd period - Backhand shot by Ty Wishart.
3:55 of 3rd period - Deflect By Zachary Sanford.
3:55 of 3rd period - Stopped by Matt Hackett with a rebound.
3:57 of 3rd period - Slapshot by Ben Hanowski.
3:57 of 3rd period - Deflect By Zachary Sanford.
3:57 of 3rd period - Shot Blocked by Patrice Cormier.
3:57 of 3rd period - Puck is out of play.
3:58 of 3rd period - Jamie Arniel wins face-off versus Martin Hanzal in Blackdemons zone.
4:07 of 3rd period - Wrist shot by Petr Pohl.
4:07 of 3rd period - Shot Blocked by Yannick Weber.
4:09 of 3rd period - Slapshot by Nathan Oystrick.
4:09 of 3rd period - Deflect By Petr Pohl.
4:09 of 3rd period - Stopped by Matt Hackett with a rebound.
4:32 of 3rd period - Snap shot by J.T. Brown.
4:32 of 3rd period - Shot Misses the Net.
4:50 of 3rd period - Jeffrey Foss is hit by Robert Dome.
5:20 of 3rd period - Wrist shot by Brendan Woods.
5:20 of 3rd period - Goal by Brendan Woods - Griffins : 3 - Blackdemons : 4.
5:21 of 3rd period - Robert Dome wins face-off versus Martin Hanzal in neutral zone.
5:54 of 3rd period - Backhand shot by Petr Pohl.
5:54 of 3rd period - Stopped by Matt Hackett with a rebound.
6:03 of 3rd period - Icing by Zachary Sanford.
6:04 of 3rd period - Quinton Howden wins face-off versus Sean Monahan in Blackdemons zone.
6:28 of 3rd period - Sean Monahan is hit by J.T. Brown.
6:42 of 3rd period - Slapshot by Quinton Howden.
6:42 of 3rd period - Stopped by Matt Hackett with a rebound.
6:44 of 3rd period - Snap shot by Connor Brown.
6:44 of 3rd period - Shot Blocked by Ladislav Nagy.
7:18 of 3rd period - Slapshot by Quinton Howden.
7:18 of 3rd period - Stopped by Matt Hackett with a rebound.
7:20 of 3rd period - Snap shot by Quinton Howden.
7:20 of 3rd period - Shot Blocked by Robbie Russo.
7:22 of 3rd period - Snap shot by Quinton Howden.
7:22 of 3rd period - Deflect By J.T. Brown.
7:22 of 3rd period - Shot Blocked by Hudson Fasching.
7:22 of 3rd period - Puck is out of play.
7:23 of 3rd period - Martin Hanzal wins face-off versus Ben Hanowski in Blackdemons zone.
7:23 of 3rd period - Martin Hanzal is hit by Nathan Gerbe.
7:31 of 3rd period - Wrist shot by Nathan Gerbe.
7:31 of 3rd period - Stopped by Matt Hackett without a rebound.
7:32 of 3rd period - Robert Dome wins face-off versus Martin Hanzal in Blackdemons zone.
8:15 of 3rd period - Icing by Nathan Gerbe.
8:16 of 3rd period - Patrice Cormier wins face-off versus Robert Dome in Griffins zone.
8:29 of 3rd period - Minor Penalty to Ty Wishart for Slashing.
8:30 of 3rd period - Jamie Arniel wins face-off versus Sean Monahan in Griffins zone.
8:53 of 3rd period - Slapshot by Keaton Ellerby.
8:53 of 3rd period - Shot Misses the Net.
8:55 of 3rd period - Slapshot by Jeffrey Foss.
8:55 of 3rd period - Shot Misses the Net.
8:57 of 3rd period - Wrist shot by Zachary Sanford.
8:57 of 3rd period - Stopped by Olivier Roy with a rebound.
8:59 of 3rd period - Snap shot by Zachary Sanford.
8:59 of 3rd period - Stopped by Olivier Roy without a rebound.
9:00 of 3rd period - Sean Monahan wins face-off versus Jamie Arniel in Griffins zone.
9:01 of 3rd period - Snap shot by Alexei Morozov.
9:01 of 3rd period - Goal by Alexei Morozov - Griffins : 3 - Blackdemons : 5.
9:02 of 3rd period - Martin Hanzal wins face-off versus Tye McGinn in neutral zone.
9:58 of 3rd period - Snap shot by Connor Brown.
9:58 of 3rd period - Stopped by Matt Hackett without a rebound.
9:59 of 3rd period - Jamie Arniel wins face-off versus Martin Hanzal in Blackdemons zone.
10:08 of 3rd period - Backhand shot by Tye McGinn.
10:08 of 3rd period - Stopped by Matt Hackett without a rebound.
10:09 of 3rd period - Jamie Arniel wins face-off versus Martin Hanzal in Blackdemons zone.
10:24 of 3rd period - Wrist shot by Tye McGinn.
10:24 of 3rd period - Shot Misses the Net.
10:48 of 3rd period - Slapshot by Tye McGinn.
10:48 of 3rd period - Shot Blocked by Robbie Russo.
10:50 of 3rd period - Snap shot by Tye McGinn.
10:50 of 3rd period - Stopped by Matt Hackett with a rebound.
10:52 of 3rd period - Snap shot by Petr Pohl.
10:52 of 3rd period - Stopped by Matt Hackett with a rebound.
11:22 of 3rd period - Slapshot by Jamie Arniel.
11:22 of 3rd period - Stopped by Matt Hackett with a rebound.
11:24 of 3rd period - Snap shot by Bryan Young.
11:24 of 3rd period - Shot Misses the Net.
11:28 of 3rd period - Wrist shot by Petr Pohl.
11:28 of 3rd period - Shot Misses the Net.
11:40 of 3rd period - Snap shot by Tye McGinn.
11:40 of 3rd period - Shot Misses the Net.
11:42 of 3rd period - Snap shot by Petr Pohl.
11:42 of 3rd period - Shot Misses the Net.
11:44 of 3rd period - Slapshot by Ty Wishart.
11:44 of 3rd period - Deflect By Tye McGinn.
11:44 of 3rd period - Shot Blocked by Robbie Russo.
11:44 of 3rd period - Puck is out of play.
11:45 of 3rd period - Robert Dome wins face-off versus Zachary Sanford in Blackdemons zone.
12:32 of 3rd period - Brendan Woods is hit by James Livingstone and loses puck.
12:57 of 3rd period - Roman Josi is hit by Bryan Young.
13:04 of 3rd period - Icing by Roman Josi.
13:05 of 3rd period - Patrice Cormier wins face-off versus Quinton Howden in Blackdemons zone.
13:18 of 3rd period - Snap shot by Quinton Howden.
13:18 of 3rd period - Stopped by Matt Hackett with a rebound.
14:01 of 3rd period - Wrist shot by Sergei Plotnikov.
14:01 of 3rd period - Shot Misses the Net.
14:17 of 3rd period - Wrist shot by Connor Brown.
14:17 of 3rd period - Deflect By J.T. Brown.
14:17 of 3rd period - Stopped by Matt Hackett with a rebound.
14:55 of 3rd period - Nathan Gerbe is hit by Robbie Russo.
15:15 of 3rd period - Snap shot by Petr Pohl.
15:15 of 3rd period - Shot Blocked by Yannick Weber.
15:44 of 3rd period - Icing by Mark Jankowski.
15:45 of 3rd period - Patrice Cormier wins face-off versus Robert Dome in Griffins zone.
16:22 of 3rd period - Wrist shot by Petr Pohl.
16:22 of 3rd period - Shot Misses the Net.
17:42 of 3rd period - Jeffrey Foss is hit by Ben Hanowski and loses puck.
19:24 of 3rd period - Snap shot by Sean Monahan.
19:24 of 3rd period - Stopped by Olivier Roy with a rebound.
19:26 of 3rd period - Slapshot by Tommy Vannelli.
19:26 of 3rd period - Shot Misses the Net.
19:33 of 3rd period - Icing by Keith Seabrook.
19:34 of 3rd period - J.T. Brown wins face-off versus Martin Hanzal in Griffins zone.
Goals for this period are 1 for Griffins vs 1 for Blackdemons.
Shots for this period are 17 for Griffins vs 7 for Blackdemons.